 Dungeon Crawl Stone Soup version 0.29-a0-506-ga2e7fffb44 (webtiles) character file.

Game seed: 17907227937582526351

489 dolemite99 the Twirler (level 6, 0/39 HPs)
             Began as a Demonspawn Gladiator on May 28, 2022.
             Was a Believer of Hepliaklqana.
             Slain by an unseen horror (4 damage)
             ... on level 5 of the Dungeon.
             The game lasted 00:06:12 (5153 turns).

dolemite99 the Twirler (Demonspawn Gladiator)       Turns: 5153, Time: 00:06:13

Health: 0/39       AC:  8    Str: 23    XL:     6   Next: 90%
Magic:  0/6        EV: 11    Int: 10    God:    Hepliaklqana [**....]
Gold:   239        SH:  0    Dex: 14    Spells: 5/5 levels left

rFire   . . .      SeeInvis .   a - +1 quarterstaff
rCold   . . .      Faith    .   (shield currently unavailable)
rNeg    . . .      Spirit   +   z - +0 scale mail
rPois   +          Reflect  .   (helmet restricted)
rElec   .          Harm     .   (no cloak)
rCorr   .          Rampage  .   (no gloves)
Will    .....                   H - +1 pair of boots
Stlth   ..........              o - amulet of guardian spirit
HPRegen 0.13/turn               j - ring of poison resistance
MPRegen 0.10/turn               c - ring "Qijov" {Str+7 Slay+4 Stlth-, =R}

@: studying Long Blades
A: reduced essence, horns 1, demonic guardian 1, ignite blood 1
a: Renounce Religion, Recall Ancestor, Ancestor Identity


You were on level 5 of the Dungeon.
You worshipped Hepliaklqana.
Hepliaklqana was pleased with you.
You visited 1 branch of the dungeon, and saw 5 of its levels.

You collected 239 gold pieces.

Inventory:

Hand Weapons
 a - a +1 quarterstaff (weapon)
 p - a +0 broad axe
 E - a +0 hunting sling
Missiles
 d - 3 throwing nets (quivered)
 k - 7 poisoned darts
 m - 53 stones
 y - a javelin
Armour
 b - a +0 leather armour
 r - a +1 helmet
 t - a +0 ring mail
 z - a +0 scale mail (worn)
 H - a +1 pair of boots (worn)
Jewellery
 c - the ring "Qijov" (right hand) {Str+7 Slay+4 Stlth-, =R}
   (You found it on level 2 of the Dungeon)

   [ring of slaying]

   Str:       It affects your strength (+7).
   Slay:      It affects your accuracy & damage with ranged weapons and melee
   (+4).
   Stlth:     It makes you less stealthy.
 j - a ring of poison resistance (left hand)
 o - an amulet of guardian spirit (around neck)
 q - a ring of willpower
 x - a ring of positive energy
 A - a ring of protection from cold
Scrolls
 e - a scroll of blinking
 i - a scroll of noise
 w - a scroll of fear
Potions
 f - a potion of might
 g - a potion of heal wounds {unknown}
 h - a potion of brilliance {unknown}
 l - 2 potions of magic
 s - a potion of experience {unknown}
 u - a potion of attraction {unknown}
 v - a potion of mutation {unknown}
 D - 2 potions of curing
 F - a potion of degeneration {unknown}


   Skills:
 - Level 2.0 Fighting
 + Level 7.2 Staves
 - Level 1.7 Throwing
 - Level 2.6 Dodging


You had 5 spell levels left.
You didn't know any spells.
Your spell library contained the following spells:

 Spells                   Type           Power      Damage    Failure   Level
 Sting                    Tmut/Pois      0%         1d3       71%         1
 Poisonous Vapours        Pois/Air       0%         N/A       83%         2
 Olgreb's Toxic Radiance  Pois           0%         N/A       100%        4


Dungeon Overview and Level Annotations

Branches:
Dungeon (5/15)             Temple (0/1) D:5

Altars:
Hepliaklqana
Sif Muna


Innate Abilities, Weirdness & Mutations

Your life essence is reduced to manifest your ancestor. (-10% HP)
You have a pair of small horns on your head.
A weak demonic guardian rushes to your aid.
Your demonic aura sometimes causes spilled blood to erupt in flames.


Message History

Something hits Friðuswiþ!
Friðuswiþ is destroyed!
You hit something. Your headbutt misses something.
Something hits you but does no damage.
As you read the scroll of teleportation, it crumbles to dust.
You feel strangely unstable.
Something hits you but does no damage. x2
Something hits you but does no damage. Something hits you. Something hits you.
Your surroundings suddenly seem different.
A jelly comes into view.
Found 9 gold pieces.
The jelly quivers.
A jelly is nearby!
A jelly is nearby!
You start resting.
Something hits you but does no damage.
You start resting.
Something hits you but does no damage.
You start resting.
Something hits you.
A demonic guardian appears!
You start resting.
Something hits you! Something hits your quasit!
You start resting.
Something hits you!
* * * LOW HITPOINT WARNING * * *
Something hits your quasit!
Your quasit dies!
Your quasit disappears in a puff of smoke!
Something hits you but does no damage.
Blink to where?
Press: ? - help, Dir - move target
As you read the scroll of blinking, it crumbles to dust.
Blink to where?
Press: ? - help, Dir - move target
As you read the scroll of blinking, it crumbles to dust.
Something hits you.
* * * LOW HITPOINT WARNING * * *
Something hits you.
* * * LOW HITPOINT WARNING * * *
Something hits you but does no damage. Something hits you but does no damage.
There is a stone staircase leading up here.
Something hits you.
You die...

*,,****⌠,⌠####...+...#.
*#######.,* **#+#** #...#...#.
*#...,.##.,* **#.#** #...#..##.
##..###....#* #.# #...#..##.
##..#...#....* #.# #...#.....
#..###..#..*.## #.#####...'.....
..#.#.#.#.###.####.#..#....#####.
.###.#*#..##..##.#....##.......#+
#.#.#.#,#.....J{@......#.......#.
#..###..#..............#.......'.
#.#.#,#.#..#..##+##.##.#.......##
.###[###..##..##.#####†######....
#.#,#.#....#.$#......<†.....#....
#..###........#.............#....
#...#......#..#.............#....
.###.......#..########.######....
..........§#**#.....##.#........#


You could see a jelly.

Vanquished Creatures
  A scorpion (D:4)
  A killer bee (D:5)
  Jessica (D:2)
  2 iguanas (D:5)
  An orc wizard (D:3)
  3 adders
  A dart slug (D:1)
  5 orcs
  2 bats (D:1)
  12 endoplasms
  2 giant cockroaches
  3 goblins
  9 hobgoblins
  12 jackals
  6 kobolds
  2 quokkas (D:4)
  5 ball pythons
  2 frilled lizards
  4 rats
74 creatures vanquished.

Vanquished Creatures (collateral kills)
  An ice beast (D:5)
  A jelly (D:5)
  An iguana (D:5)
  2 adders
  4 orcs
  A bat (D:3)
  A goblin (D:3)
  A hobgoblin (D:4)
12 creatures vanquished.

Vanquished Creatures (others)
  2 battlemagi (D:5)
  9 plants (D:2)
11 creatures vanquished.

Grand Total: 97 creatures vanquished

Notes
Turn   | Place    | Note
-------+----------+-------------------------------------------
     0 | D:1      | dolemite99 the Demonspawn Gladiator began the quest for the
                  | Orb.
     0 | D:1      | Reached XP level 1. HP: 16/16 MP: 1/1
   172 | D:1      | Reached skill level 3 in Staves
   214 | D:1      | Gained mutation: A weak demonic guardian rushes to your
                  | aid. [demonic ancestry]
   214 | D:1      | Reached XP level 2. HP: 16/22 MP: 2/2
  1165 | D:2      | Found a shimmering blue altar of Sif Muna.
  1171 | D:2      | Gained mutation: Your demonic aura sometimes causes spilled
                  | blood to erupt in flames. [demonic ancestry]
  1171 | D:2      | Reached XP level 3. HP: 27/27 MP: 3/3
  1189 | D:2      | Reached skill level 4 in Staves
  1345 | D:2      | Noticed Jessica
  1357 | D:2      | Killed Jessica
  1358 | D:2      | Reached XP level 4. HP: 29/33 MP: 4/4
  1713 | D:3      | Reached skill level 5 in Staves
  1996 | D:2      | Identified the ring "Qijov" {Str+7 Slay+4 Stlth-}
  2027 | D:2      | Found a faded altar of an unknown god.
  2034 | D:2      | Prayed at the altar of an unknown god.
  2034 | D:2      | Became a worshipper of Hepliaklqana the Forgotten
  2034 | D:2      | Reached * piety under Hepliaklqana
  2568 | D:4      | Gained mutation: You have a pair of small horns on your
                  | head. [demonic ancestry]
  2568 | D:4      | Reached XP level 5. HP: 34/34 MP: 5/5
  2961 | D:4      | Reached ** piety under Hepliaklqana
  2963 | D:4      | Remembered your ancestor Friðuswiþ as a battlemage
  3514 | D:4      | Reached skill level 6 in Staves
  3699 | D:5      | Entered Level 5 of the Dungeon
  3775 | D:5      | Reached XP level 6. HP: 39/39 MP: 6/6
  4801 | D:5      | Noticed an ice beast
  4808 | D:5      | Killed an ice beast
  4809 | D:5      | Reached skill level 7 in Staves
  5153 | D:5      | Slain by an unseen horror

Illustrated notes

Levels and vault maps discovered:
D:1:      giann_wishing_wells, layout_loops_ring
D:2:      layout_basic, basic_altar, shapermc_ecumenical_altar_notcrosses,
          serial_bayou_pond_c, kennysheep_generic_room_13, uniq_jessica
D:3:      layout_rooms, grunt_ministairs_15
D:4:      layout_basic, serial_co_window_serial, co_window_corner_a,
          co_window_paths_a, co_window_paths_a, co_window_of_opportunity_a,
          co_window_paths_b, co_window_of_opportunity_c, co_window_corner_b,
          co_window_corner_b, co_window_2corner, co_window_broadway_a,
          co_window_of_opportunity_c, co_window_corner_b, co_window_paths_e,
          co_window_4corner_a, glass_columns_c, glass_columns_b,
          glass_columns_a, dreamdust_princess_bridge
D:5:      layout_gridville, temple_doors_e, minmay_manual_mail

Skill      XL: |  1  2  3  4  5  6 |
---------------+-------------------+-----
Staves         | 3 4 5 6 7 |  7.2
Fighting       | |  2.0
Throwing       | |  1.7
Dodging        | |  2.6

Action                   |  1- 3 |  4- 6 || total
-------------------------+-------+-------++-------
Melee: Quarterstaff      |    72 |    97 ||   169
       Headbutt          |       |     5 ||     5
Throw: Javelin           |     4 |     1 ||     5
Invok: Ancestor Life: Ba |       |     1 ||     1
  Use: Scroll            |       |    16 ||    16
       Potion            |       |     1 ||     1
 Stab: Sleeping          |     1 |       ||     1
Armor: Leather armour    |    30 |     3 ||    33
       Ring mail         |       |    29 ||    29
       Scale mail        |       |    15 ||    15
Dodge: Dodged            |    51 |    58 ||   109

Table legend: (Time is in decaauts)
 A = Elapsed time spent in this place.
 B = Non-inter-level travel time spent in this place.
 C = Inter-level travel time spent in this place.
 D = Time resting spent in this place.
 E = Time spent auto-exploring this place.
 F = Levels seen in this place.
 G = Mean time per level.
                   A        B        C        D        E       F      G
               +--------+--------+--------+--------+--------+-----+--------+
         Total |   5171 |   4892 |    279 |   1094 |   2817 |   5 | 1034.2 |
       Dungeon |   5171 |   4892 |    279 |   1094 |   2817 |   5 | 1034.2 |
               +--------+--------+--------+--------+--------+-----+--------+

Top non-repeatable levels by time:
     D:5: 1384 daAuts
     D:4: 1227 daAuts
     D:1: 1171 daAuts
     D:3: 695 daAuts
     D:2: 691 daAuts
